Map: Prion Terraces

Players

Nerchio - Winner!

  • Race: Zerg Zerg
  • League: Grandmaster

LiquidBunny (Bunny)

  • Race: Terran Terran
  • League: Grandmaster

Event: Homestory Cup XII

VOD

Have the link to the VOD?

Description

Time

  • Played on: Dec. 19, 2015, 7:37 a.m.
  • Length: 14:10

All games in this series

Show
View Real Time Build Order
Export as new Build Order

Nerchio Zerg - Winner!

Build Orders: Hatch First 

Get SALT Encoding   

  12  0:00  Drone  
  13  0:12  Overlord  
  13  0:18  Drone  
  14  0:30  Drone x2  
  14  0:34  Drone  
  17  0:51  Hatchery  
  17  0:54  Drone  
  17  0:57  Drone  
  18  1:11  Spawning Pool  
  18  1:13  Drone  
  18  1:17  Drone  
  19  1:20  Extractor  
  18  1:28  Drone  
  19  1:38  Overlord  
  19  1:58  Zergling x2, Queen  
  19  2:00  Zergling x2  
  23  2:03  Queen  
  23  2:04  Zergling x2  
  26  2:10  Drone  
  27  2:16  Drone  
  27  2:22  Roach Warren, Drone  
  28  2:28  Drone  
  29  2:32  Drone  
  30  2:39  Drone  
  30  2:43  Overlord  
  29  2:56  Zergling x2  
  28  3:06  Roach x3  
  28  3:07  Drone x2, Roach  
  39  3:13  Roach  
  39  3:18  Drone x3  
  39  3:19  Drone  
  43  3:25  Drone  
  44  3:30  Overlord  
  42  3:40  Drone x2  
  44  3:44  Overlord  
  44  3:48  Overlord  
  44  3:50  Roach  
  44  3:51  Roach  
  48  3:56  Drone x2  
  50  4:06  Drone  
  50  4:09  Drone, Ravager x2  
  54  4:13  Drone  
  55  4:20  Drone x2  
  55  4:22  Drone  
  55  4:23  Drone  
  59  4:24  Hatchery  
  59  4:26  Drone  
  59  4:27  Drone  
  59  4:30  Drone, Extractor  
  60  4:32  Drone  
  60  4:34  Drone  
  62  4:39  Extractor  
  62  4:40  Queen  
  63  4:45  Overlord  
  63  4:47  Overlord  
  63  4:48  Drone  
  64  4:55  Drone  
  64  4:57  Evolution Chamber, Drone  
  64  4:58  Evolution Chamber  
  64  4:59  Drone  
  65  5:01  Drone  
  66  5:09  Drone  
  66  5:10  Drone  
  66  5:13  Lair, Drone  
  69  5:17  Overlord  
  69  5:23  Drone  
  69  5:24  Drone x3  
  69  5:26  Zerg Missile Weapons Level 1  
  73  5:30  Zerg Ground Armor Level 1  
  73  5:33  Drone  
  73  5:35  Drone x2  
  75  5:37  Drone  
  75  5:42  Extractor  
  76  5:49  Drone  
  78  5:50  Drone x4  
  78  5:51  Roach  
  78  5:52  Roach x2  
  78  5:56  Extractor  
  86  5:57  Drone  
  86  5:58  Drone x3  
  86  6:00  Roach  
  86  6:02  Roach  
  94  6:05  Overlord  
  94  6:10  Roach  
  96  6:11  Overlord  
  96  6:13  Glial Reconstitution  
  96  6:17  Roach  
  98  6:19  Overlord  
  98  6:20  Overlord  
  98  6:24  Roach x4  
  106  6:26  Overlord  
  106  6:28  Overlord  
  106  6:38  Roach  
  106  6:39  Roach  
  112  6:40  Roach  
  112  6:42  Ravager  
  112  6:43  Ravager x3  
  112  6:45  Roach  
  112  6:46  Hatchery, Roach x2  
  121  6:48  Roach  
  121  6:50  Roach  
  125  6:56  Roach  
  125  6:57  Roach x3  
  125  7:00  Overlord  
  135  7:01  Roach  
  135  7:02  Roach  
  135  7:06  Overlord  
  135  7:08  Overlord  
  134  7:11  Roach  
  134  7:12  Roach  
  138  7:16  Overlord  
  138  7:17  Roach x3  
  138  7:18  Overseer  
  138  7:20  Roach  
  146  7:28  Roach x2  
  146  7:29  Roach  
  150  7:31  Roach  
  150  7:33  Roach  
  150  7:34  Roach  
  156  7:38  Roach x2  
  156  7:42  Roach  
  156  7:43  Roach x3  
  167  7:44  Roach  
  167  7:49  Overlord x2  
  167  7:51  Overlord x2  
  169  7:55  Zerg Missile Weapons Level 2  
  169  7:57  Overlord  
  169  8:03  Roach x3  
  176  8:05  Ravager  
  176  8:10  Roach x2  
  180  8:15  Roach  
  180  8:16  Roach x5  
  183  8:22  Roach  
  183  8:24  Roach x2  
  183  8:27  Roach  
  183  8:33  Roach  
  179  8:34  Roach  
  179  8:36  Roach  
  179  8:39  Roach  
  167  8:44  Roach  
  167  8:48  Roach  
  151  8:54  Roach  
  134  8:57  Roach  
  134  9:01  Roach  
  128  9:04  Roach  
  128  9:08  Roach x2  
  119  9:11  Roach  
  119  9:15  Drone x3  
  115  9:19  Drone x2  
  115  9:21  Drone  
  115  9:23  Drone  
  119  9:25  Drone  
  120  9:34  Infestation Pit  
  120  9:35  Drone  
  120  9:36  Drone x2  
  122  9:43  Ravager x2  
  122  9:44  Ravager  
  125  9:48  Extractor  
  125  9:50  Hatchery  
  125  9:51  Roach  
  125  9:55  Drone x3  
  128  10:05  Queen  
  128  10:15  Roach x4  
  128  10:18  Roach  
  128  10:21  Ravager x3  
  134  10:22  Roach x2  
  134  10:26  Roach  
  134  10:28  Roach  
  139  10:38  Roach  
  139  10:39  Roach  
  117  10:46  Roach  
  117  10:48  Roach  
  110  10:55  Infestor  
  110  10:59  Infestor  
  112  11:06  Roach, Queen  
  116  11:14  Roach  
  116  11:17  Roach  
  120  11:18  Hatchery  
  120  11:21  Ravager  
  120  11:22  Ravager  
  120  11:23  Roach  
  123  11:26  Roach  
  123  11:28  Roach  
  123  11:31  Roach  
  129  11:34  Roach  
  129  11:35  Roach  
  129  11:37  Roach  
  135  11:44  Roach x3  
  135  11:46  Roach  
  143  11:48  Roach  
  143  11:51  Roach  
  147  11:55  Roach  
  147  11:56  Roach  
  147  11:57  Roach  
  147  11:59  Roach  
  155  12:02  Roach x2  
  155  12:07  Roach x2  
  161  12:16  Roach  
  161  12:17  Roach x2  
  161  12:21  Roach  
  161  12:22  Roach  
  157  12:37  Roach x4  
  160  12:40  Drone x2  
  160  12:45  Drone x2  
  160  12:50  Ravager  
  164  12:51  Ravager x2  
  164  12:52  Roach  
  164  12:56  Roach x2  
  171  13:03  Roach  
  171  13:04  Roach x2  
  177  13:07  Roach  
  175  13:13  Roach  
  175  13:15  Roach x2  
  173  13:23  Roach  
  173  13:25  Roach  
  175  13:27  Drone  
  175  13:28  Queen  
  175  13:32  Hatchery  
  177  13:44  Overseer  
  177  13:47  Overseer  
  177  13:48  Drone  
  177  13:49  Drone x5  
Show
View Real Time Build Order
Export as new Build Order

LiquidBunny Terran 

Build Orders: Bio Tank, MMM Bio 

Get SALT Encoding   

  12  0:00  SCV  
  13  0:13  SCV  
  14  0:18  Supply Depot  
  14  0:25  SCV  
  15  0:39  SCV  
  15  0:42  Barracks  
  16  0:44  Refinery  
  16  0:51  SCV  
  17  0:59  Barracks  
  17  1:03  SCV  
  18  1:10  Refinery  
  18  1:16  SCV  
  19  1:29  Reaper  
  19  1:30  Orbital Command  
  20  1:40  Supply Depot  
  20  1:46  Reaper  
  21  1:56  SCV  
  22  2:01  Reaper  
  22  2:08  SCV  
  24  2:18  Reaper  
  24  2:20  SCV  
  26  2:24  Command Center  
  26  2:32  SCV  
  26  2:34  Reaper  
  26  2:36  Supply Depot  
  28  2:44  SCV  
  29  2:54  Reaper  
  29  2:56  SCV  
  30  3:08  Reaper  
  30  3:09  SCV  
  32  3:14  Command Center  
  32  3:21  SCV  
  32  3:26  Barracks  
  33  3:28  Barracks Tech Lab  
  33  3:33  SCV  
  34  3:39  Orbital Command  
  33  3:41  Barracks Reactor  
  33  3:45  SCV  
  34  3:49  Stimpack  
  34  3:56  Marine  
  34  3:58  SCV  
  35  4:04  SCV  
  35  4:08  Factory  
  35  4:10  SCV  
  35  4:13  Barracks Reactor  
  35  4:16  SCV  
  38  4:17  Marine  
  38  4:22  SCV, Marine  
  41  4:28  SCV  
  41  4:29  Bunker  
  41  4:30  Bunker  
  42  4:32  Marauder  
  42  4:35  Orbital Command, Marine  
  42  4:36  SCV  
  45  4:40  SCV  
  46  4:48  Marine  
  46  4:49  SCV  
  46  4:51  Marine  
  49  4:52  Starport  
  49  4:53  SCV, Marine  
  49  4:54  Factory Reactor  
  51  5:01  SCV, Engineering Bay  
  51  5:02  Engineering Bay, Marine x2  
  51  5:05  SCV  
  51  5:06  SCV  
  56  5:12  Refinery, Marine x2  
  56  5:13  SCV  
  59  5:14  Orbital Command  
  59  5:17  SCV  
  59  5:18  Refinery  
  60  5:22  Marine x2  
  60  5:23  Marine  
  60  5:24  Supply Depot  
  60  5:25  SCV  
  63  5:29  SCV  
  63  5:30  Marine  
  65  5:35  Factory Tech Lab  
  65  5:37  SCV, Marine  
  65  5:39  Marine  
  68  5:44  SCV  
  68  5:45  SCV, Marine x2  
  68  5:47  Medivac x2  
  68  5:48  Supply Depot  
  68  5:49  SCV  
  77  5:52  Terran Infantry Weapons Level 1, Terran Infantry Armor Level 1  
  77  6:01  Supply Depot  
  77  6:05  Supply Depot  
  77  6:08  SCV x2, Marine x4  
  77  6:11  SCV, Supply Depot, Marine  
  84  6:17  Medivac x2  
  89  6:20  SCV  
  89  6:23  Barracks  
  89  6:24  SCV  
  89  6:25  SCV  
  92  6:26  Refinery, Marine x2  
  92  6:28  Barracks  
  92  6:30  Marine x2  
  92  6:32  SCV  
  97  6:35  Siege Tank  
  97  6:36  SCV  
  97  6:37  SCV  
  97  6:39  Marine  
  103  6:43  Marine  
  103  6:44  SCV, Marine  
  106  6:47  Medivac  
  106  6:48  Marine  
  106  6:49  SCV x2  
  106  6:50  Marine  
  112  6:56  Medivac  
  112  6:57  SCV, Marine  
  116  7:01  Marine  
  116  7:03  Refinery  
  116  7:04  Supply Depot  
  116  7:05  Marine  
  116  7:06  Marine  
  115  7:08  Marine  
  115  7:09  SCV  
  115  7:15  Marine  
  116  7:16  Supply Depot  
  116  7:18  Barracks Reactor  
  116  7:19  Marine  
  116  7:20  Armory  
  117  7:23  Supply Depot  
  117  7:24  Medivac, Siege Tank, Marine x3  
  117  7:26  Marine  
  117  7:28  SCV  
  126  7:30  SCV  
  126  7:32  Marine  
  126  7:36  SCV  
  129  7:40  SCV  
  129  7:42  Marine x3  
  129  7:43  SCV  
  133  7:44  Marine  
  133  7:47  Barracks Reactor  
  133  7:50  Marine  
  133  7:52  Supply Depot  
  133  7:54  Marine  
  133  7:55  Marine  
  133  7:56  Siege Tank  
  138  7:59  Supply Depot  
  138  8:00  Marine x3  
  138  8:02  Marine  
  142  8:08  Marine  
  142  8:10  SCV, Terran Infantry Weapons Level 2, Terran Infantry Armor Level 2  
  142  8:12  Marine x2  
  144  8:18  Marine x2  
  142  8:25  Marine x2  
  131  8:27  Marine x2  
  131  8:28  Marine  
  131  8:29  Siege Tank  
  131  8:30  Marine x2  
  130  8:36  Marine x2  
  130  8:37  SCV  
  113  8:42  Marine x2  
  113  8:45  Marine x2  
  113  8:47  Marine  
  113  8:48  Marine  
  108  8:49  Marine  
  108  8:53  Marine  
  108  8:54  Marine  
  101  9:01  Siege Tank  
  78  9:16  Orbital Command  
  67  9:24  SCV  
  68  9:33  Siege Tank  
  68  9:36  SCV  
  72  9:42  SCV  
  72  9:44  Barracks Tech Lab  
  73  9:48  SCV  
  73  9:54  SCV  
  74  10:00  SCV  
  74  10:05  Marine  
  74  10:06  SCV, Marine x2  
  79  10:08  Marine  
  79  10:10  Marine  
  79  10:11  Marine  
  81  10:15  SCV, Marine  
  81  10:18  Marine  
  84  10:21  SCV  
  85  10:32  Combat Shields  
  85  10:36  SCV  
  85  10:38  SCV  
  68  10:43  Marine  
  68  10:48  SCV, Marine  
  67  10:53  SCV  
  67  10:55  Marine  
  65  11:03  SCV  
  66  11:08  SCV  
  67  11:16  Medivac x2  
  70  11:20  Marine  
  70  11:22  Marine  
  72  11:25  Marine  
  72  11:27  Marine  
  72  11:29  Marine  
  75  11:35  Siege Tank  
  76  11:41  Marine  
  76  11:45  Marine  
  75  11:47  Marine x2  
  75  11:50  Marine x2  
  75  11:53  Marine x2  
  81  11:56  Marine  
  82  12:04  Marine  
  83  12:09  Marine  
  83  12:10  Siege Tank, Marine x2  
  82  12:17  Marine  
  64  12:39  Marine x2  
  64  12:41  Marine x2  
  50  12:48  Marine  
  51  12:53  Marine  
  51  13:02  Marine  
  49  13:06  Marine  
  49  13:11  Orbital Command  
  47  13:15  SCV  
  45  13:20  Marine  
  42  13:37  SCV x2  
  44  13:48  Marine  
  44  13:49  SCV  
Tags
 
Add a new tag
Caveats
  • Supply blocks, unpowered buildings, or Contaminate may cause inaccurate times.
  • Supply counts are checked every 10 seconds.